 Dungeon Crawl Stone Soup version 0.27.1-34-g3ba077fa99 (webtiles) character file.

Game seed: 2656404622178443075

7940 Sharkman1231 the Grappler (level 11, -4/84 HPs)
             Began as a Demonspawn Wanderer on Jan 16, 2022.
             Was a Believer of Sif Muna.
             Slain by a shadow (19 damage)
             ... on level 10 of the Dungeon.
             The game lasted 00:09:45 (12789 turns).

Sharkman1231 the Grappler (Demonspawn Wanderer)    Turns: 12789, Time: 00:09:46

Health: -4/84      AC: 12    Str: 17    XL:     11   Next: 3%
Magic:  17/17      EV: 13    Int: 12    God:    Sif Muna [**....]
Gold:   398        SH:  5    Dex: 13    Spells: 14/18 levels left

rFire    + . .     SeeInvis .     - Unarmed
rCold    . . .     Faith    .   (no shield)
rNeg     . . .     Spirit   .   F - +1 ring mail {rF+}
rPois    .         Reflect  +   (no helmet)
rElec    .         Harm     .   j - +0 cloak
rCorr    .         Rampage  .   (no gloves)
Will     +....                  K - +1 pair of boots
Stlth    +.........             A - amulet of reflection
HPRegen  0.24/turn              m - ring of flight
MPRegen  0.15/turn              x - ring of willpower

@: about to teleport, flying
A: claws 2, slimy green scales 2, powered by pain 1, demonic magic 2
a: Renounce Religion, Channel Magic


You were on level 10 of the Dungeon.
You worshipped Sif Muna.
Sif Muna was pleased with you.
You visited 2 branches of the dungeon, and saw 11 of its levels.

You collected 398 gold pieces.

Inventory:

Hand Weapons
 a - a +5 hand axe
 i - a +2 short sword of protection
 y - a +2 dagger
Missiles
 b - 3 curare-tipped darts (quivered)
Armour
 j - a +0 cloak (worn)
 F - a +1 ring mail of fire resistance (worn)
 K - a +1 pair of boots (worn)
Jewellery
 m - a ring of flight (left claw)
 x - a ring of willpower (right claw)
 A - an amulet of reflection (around neck)
Wands
 D - a wand of iceblast (10)
Scrolls
 d - 3 scrolls of teleportation
 e - a scroll of fog
 k - a scroll of amnesia
 o - 2 scrolls of vulnerability {unknown}
 p - 2 scrolls of silence {unknown}
 q - 2 scrolls of immolation
 r - a scroll of fear
 t - a scroll of torment {unknown}
 u - 2 scrolls of enchant weapon
 v - 2 scrolls of noise
 w - 2 scrolls of enchant armour {unknown}
 B - 4 scrolls of magic mapping {unknown}
 E - a scroll of acquirement {unknown}
 J - a scroll of blinking {unknown}
Potions
 c - a potion of cancellation
 f - a potion of brilliance {unknown}
 g - 2 potions of flight {unknown}
 h - a potion of heal wounds {unknown}
 l - 9 potions of curing {unknown}
 s - a potion of attraction {unknown}
 z - a potion of lignification {unknown}
 C - a potion of might
 G - a potion of berserk rage {unknown}
 H - a potion of magic {unknown}
 I - a potion of ambrosia {unknown}


   Skills:
 + Level 7.2 Fighting
 - Level 1.7(1.9) Axes
 - Level 1.0(1.5) Maces & Flails
 - Level 5.0 Throwing
 - Level 1.7 Armour
 + Level 6.0 Dodging
 - Level 1.0 Shields
 * Level 8.4 Unarmed Combat
 + Level 4.4 Spellcasting
 + Level 3.7 Transmutations
 + Level 3.6 Earth Magic
 - Level 5.0 Evocations


You had 14 spell levels left.
You knew the following spells:

 Your Spells              Type           Power      Damage    Failure   Level
a - Petrify               Tmut/Erth      11%        N/A       63%         4

Your spell library contained the following spells:

 Spells                   Type           Power      Damage    Failure   Level
 Sandblast                Erth           22%        2d7       9%          1
 Passwall                 Tmut/Erth      9%         N/A       13%         2
 Summon Small Mammal      Summ           8%         N/A       36%         1
 Sublimation of Blood     Necr           1%         N/A       50%         2
 Call Canine Familiar     Summ           2%         N/A       75%         3
 Inner Flame              Hex/Fire       2%         N/A       75%         3
 Summon Guardian Golem    Hex/Summ       2%         N/A       75%         3
 Lee's Rapid Deconstruct  Erth           5%         3d7*      94%         5
 Cause Fear               Hex            1%         N/A       98%         4
 Irradiate                Conj/Tmut      3%         3d15      99%         5
 Discord                  Hex            1%         N/A       100%        8


Dungeon Overview and Level Annotations

Branches:
Dungeon (10/15)            Temple (1/1) D:5
   Lair: D:8-11         Orc: D:9-12

Altars:
Ashenzari
Cheibriados
Dithmenos
Elyvilon
Fedhas
Gozag
Hepliaklqana
Kikubaaqudgha
Nemelex Xobeh
Okawaru
Qazlal
Ru
Sif Muna
Trog
Uskayaw
Wu Jian
Xom
Yredelemnul
Zin
The Shining One
Lugonu


Innate Abilities, Weirdness & Mutations

You have very sharp fingernails.
You are mostly covered in slimy green scales. (AC +3)
You sometimes gain a little power by taking damage.
Spells you cast may paralyse nearby enemies.


Message History

The orc warrior is heavily wounded.
The orc warrior hits you with a +0 long sword.
You closely miss the orc warrior.
The orc warrior is heavily wounded.
An orc comes into view. It is wielding a +0 dagger.
The orc warrior misses you.
The orc shouts!
You scratch the orc warrior but do no damage.
The orc warrior is heavily wounded.
The orc warrior hits you but does no damage.
Unknown command.
You scratch the orc warrior. Your claw misses the orc warrior.
The orc warrior is severely wounded.
The orc warrior hits you with a +0 long sword.
The orc warrior sings a few bars from the Orcish anthem.
You scratch the orc warrior.
The orc warrior is almost dead.
You scratch the orc warrior but do no damage.
The orc warrior is almost dead.
The orc warrior hits you with a +0 long sword!
* * * LOW HITPOINT WARNING * * *
You barely miss the orc warrior.
The orc warrior is almost dead.
The orc warrior hits you with a +0 long sword.
* * * LOW HITPOINT WARNING * * *
Unknown command.
You claw the orc warrior!
You kill the orc warrior!
Sif Muna accepts your kill.
Okay, then.
A shadow comes into view.
The shadow hits you!
* * * LOW HITPOINT WARNING * * *
You barely miss the shadow.
The shadow slips into darkness.
The shadow flickers and vanishes!
As you read the scroll of teleportation, it crumbles to dust.
You feel strangely unstable. The orc warrior closely misses you.
The shadow strikes at you from the darkness!
You die...

+..# #y≈≈.# #≈.#
#.≈y##. #≈.#
#[o....
#≈.#######o≈≈##.
##§..o.).oo.≈≈{#.
##≈≈.######..≈≈o'#
#.#..# #..≈8≈≈≈
#.o.## #..8≈≈≈≈
#@### #....... #{#
######## #.# #.#
## #.# .. ... .#
... .##


You could see an orc warrior and an orc.

Vanquished Creatures
  Erica (D:8)
  2 two-headed ogres
  Pikel (D:8)
  A gargoyle (D:8)
  Prince Ribbit (D:8)
  A yak (D:8)
  2 shadows
  2 wyverns (D:8)
  Grum (D:8)
  2 steam dragons (D:7)
  Menkaure (D:4)
  3 vampire mosquitoes (D:10)
  An acid dragon (D:9)
  A water moccasin (D:8)
  6 orc warriors
  3 ogres
  A sky beast (D:7)
  A black bear (D:4)
  3 wolves (D:8)
  A centaur (D:9)
  2 kobold brigands
  4 bullfrogs
  A gnoll sergeant (D:5)
  2 wyvern zombies
  2 scorpions
  A water moccasin skeleton (D:6)
  4 killer bees (D:8)
  5 howler monkeys (D:7)
  A centaur zombie (D:8)
  2 hounds
  2 bullfrog skeletons
  An orc priest (D:4)
  A jelly (D:5)
  Jessica (D:2)
  Natasha (D:2)
  4 iguanas
  9 orc wizards
  A hound skeleton (D:4)
  A mummy (D:4)
  A howler monkey zombie (D:5)
  6 gnolls (D:5)
  7 adders
  2 white imps
  An adder zombie (D:5)
  2 worms (D:2)
  3 dart slugs
  21 orcs
  10 ball pythons
  4 endoplasms
  3 giant cockroaches
  8 goblins
  4 hobgoblins
  9 jackals
  A quokka (D:2)
  4 bats
  5 frilled lizards
  15 kobolds
  5 rats
191 creatures vanquished.

Vanquished Creatures (others)
  4 fungi (D:10)
  6 plants
10 creatures vanquished.

Grand Total: 201 creatures vanquished

Notes
Turn   | Place    | Note
-------+----------+-------------------------------------------
     0 | D:1      | Sharkman1231 the Demonspawn Wanderer began the quest for
                  | the Orb.
     0 | D:1      | Sharkman1231 set off with the following items: a +2 dagger,
                  | 4 curare-tipped darts, a +0 ring mail, a scroll of
                  | teleportation
     0 | D:1      | Reached XP level 1. HP: 18/18 MP: 1/1
   180 | D:1      | Reached skill level 1 in Dodging
   180 | D:1      | Gained mutation: You have sharp fingernails. [demonic
                  | ancestry]
   180 | D:1      | Reached XP level 2. HP: 18/24 MP: 2/2
   737 | D:1      | Reached skill level 1 in Unarmed Combat
   826 | D:1      | Gained mutation: Spells you cast may paralyse adjacent
                  | enemies. [demonic ancestry]
   826 | D:1      | Reached XP level 3. HP: 18/29 MP: 3/3
  1341 | D:2      | Noticed Natasha
  1351 | D:2      | Killed Natasha
  1622 | D:2      | Noticed Jessica
  1634 | D:2      | Gained mutation: You are partially covered in slimy green
                  | scales. (AC +2) [demonic ancestry]
  1634 | D:2      | Reached XP level 4. HP: 28/37 MP: 4/4
  1640 | D:2      | Killed Jessica
  1641 | D:2      | Reached skill level 2 in Unarmed Combat
  2542 | D:3      | Found a sparkling altar of Nemelex Xobeh.
  2641 | D:3      | Gained mutation: You sometimes gain a little power by
                  | taking damage. [demonic ancestry]
  2641 | D:3      | Reached XP level 5. HP: 42/42 MP: 5/5
  2668 | D:3      | You are sucked into a shaft and drop 1 floor!
  2695 | D:4      | Noticed an ogre
  3208 | D:3      | Noticed a +0 hand axe
  3209 | D:3      | Noticed a +0 dagger
  3212 | D:3      | Found a hide-covered altar of Uskayaw.
  3527 | D:4      | Noticed a black bear
  3532 | D:4      | Killed a black bear
  3533 | D:4      | Reached skill level 3 in Unarmed Combat
  3533 | D:4      | Reached skill level 1 in Evocations
  3533 | D:4      | Reached XP level 6. HP: 44/48 MP: 6/6
  3961 | D:4      | Noticed Menkaure
  3969 | D:4      | Killed Menkaure
  3970 | D:4      | Reached skill level 4 in Unarmed Combat
  3970 | D:4      | Gained mutation: You have very sharp fingernails. [demonic
                  | ancestry]
  3970 | D:4      | Reached XP level 7. HP: 17/55 MP: 7/7
  4492 | D:4      | Found a snail-covered altar of Cheibriados.
  4721 | D:5      | Entered Level 5 of the Dungeon
  5375 | D:5      | Found a staircase to the Ecumenical Temple.
  5385 | Temple   | Entered the Ecumenical Temple
  5470 | Temple   | Became a worshipper of Sif Muna the Loreminder
  5535 | D:5      | Found a bloodstained altar of Trog.
  5736 | D:5      | Reached skill level 5 in Fighting
  5837 | D:5      | Reached XP level 8. HP: 40/62 MP: 8/8
  6037 | D:5      | Reached skill level 5 in Unarmed Combat
  6885 | D:6      | Found an ornate altar of the Wu Jian Council.
  6885 | D:6      | Found an opulent altar of Gozag.
  6935 | D:6      | Found a shadowy altar of Dithmenos.
  7308 | D:6      | Reached skill level 1 in Spellcasting
  8561 | D:7      | Reached * piety under Sif Muna
  8562 | D:7      | Reached skill level 6 in Unarmed Combat
  8581 | D:7      | Gained mutation: You are mostly covered in slimy green
                  | scales. (AC +3) [demonic ancestry]
  8581 | D:7      | Reached XP level 9. HP: 43/69 MP: 11/11
  9142 | D:7      | Learned a level 4 spell: Petrify
  9264 | D:8      | Found a shimmering altar of Xom.
  9568 | D:8      | Noticed Pikel
  9595 | D:8      | Killed Pikel
  9596 | D:8      | Reached skill level 1 in Transmutations
  9596 | D:8      | Reached skill level 1 in Earth Magic
  9667 | D:8      | Noticed Erica
  9763 | D:8      | Killed Erica
  9764 | D:8      | Reached skill level 5 in Dodging
  9764 | D:8      | Reached skill level 7 in Unarmed Combat
  9764 | D:8      | Reached skill level 5 in Evocations
  9808 | D:8      | Gained mutation: Spells you cast may paralyse nearby
                  | enemies. [demonic ancestry]
  9808 | D:8      | Reached XP level 10. HP: 58/77 MP: 14/14
 10147 | D:8      | Noticed a gargoyle
 10150 | D:8      | Killed a gargoyle
 10278 | D:8      | Noticed Prince Ribbit
 10289 | D:8      | Killed Prince Ribbit
 10490 | D:8      | Noticed Grum
 10515 | D:8      | Killed Grum
 10750 | D:8      | Found a stormy altar of Qazlal.
 11090 | D:9      | Reached skill level 5 in Throwing
 11091 | D:9      | Reached ** piety under Sif Muna
 11688 | D:9      | Noticed a two-headed ogre
 11693 | D:9      | Killed a two-headed ogre
 11694 | D:9      | Reached skill level 8 in Unarmed Combat
 12475 | D:10     | Entered Level 10 of the Dungeon
 12475 | D:10     | Noticed a two-headed ogre
 12481 | D:10     | Killed a two-headed ogre
 12758 | D:10     | Reached XP level 11. HP: 64/84 MP: 17/17
 12789 | D:10     | Slain by a shadow

Illustrated notes

Levels and vault maps discovered:
D:1:      nzn_arrival_depleted_hourglass, layout_loops_ring, st_stairs_10,
          fountainhead
D:2:      kb_forest_paths, layout_basic, uniq_jessica, uniq_natasha
D:3:      layout_basic, nemelex_diamond_rough_becter, dancing_weapons_uskayaw,
          kennysheep_cross_room, minmay_quantized
D:4:      layout_rooms, slow_altar_2, uniq_menkaure
D:5:      layout_basic, bloody_trog, minmay_temple_entry_trees
D:6:      layout_loops_ring, nicolae_dithmenos_shadow_blocks,
          chequers_temple_overflow_statue_of_worship, bh_walls_and_bars
D:7:      layout_loops_ring, nicolae_elyvilon_temple_path
D:8:      minmay_distorted_concentric_squares, layout_rooms,
          kennysheep_little_box, grunt_qazlal_clouds,
          mainiacjoe_overflow_concentric_impassable, uniq_pikel, uniq_erica,
          uniq_prince_ribbit1, uniq_grum
D:9:      layout_loops_cross, nicolae_zen_rock_garden, hex_medium
D:10:     layout_loops_ring, lightli_temple_of_fire,
          mainiacjoe_overflow_small_starburst, grunt_lair_entry_orc_guard_hut,
          erik_orc_2
Temple:   kb_corrupted_temple

Skill      XL: |  1  2  3  4  5  6  7  8  9 10 11 |
---------------+----------------------------------+-----
Dodging        | 1 2 3 4 5 6 |  6.0
Unarmed Combat | 1 2 3 4 6 7 8 |  8.4
Fighting       | 4 5 6 7 |  7.2
Evocations     | 1 2 3 4 5 |  5.0
Throwing       | 2 3 4 5 |  5.0
Spellcasting   | 1 3 4 |  4.4
Transmutations | 2 3 |  3.7
Earth Magic    | 2 3 |  3.6
Axes           | |  1.7
Maces & Flails | |  1.0
Armour         | |  1.7
Shields        | |  1.0

Action                   |  1- 3 |  4- 6 |  7- 9 | 10-12 || total
-------------------------+-------+-------+-------+-------++-------
Melee: Dagger            |    44 |       |       |       ||    44
       Short sword       |    69 |   130 |       |       ||   199
       Punch             |       |     3 |     8 |     7 ||    18
       Hand axe          |       |     9 |   306 |       ||   315
       Unarmed           |       |       |    33 |   196 ||   229
Throw: Dart              |       |     3 |    13 |     4 ||    20
Evoke: Wand              |       |     3 |    13 |    11 ||    27
  Use: Scroll            |       |     1 |     3 |     7 ||    11
Armor: Ring mail         |    50 |    68 |   134 |    79 ||   331
Dodge: Dodged            |    76 |    90 |   213 |   130 ||   509
Block: Other             |       |       |       |    17 ||    17
